3A
MYRTLE BEACH SEAHAWKS @ IDAHO FALLS CHUKARS
06/24/2025
 
TOP OF THE 1ST
Myrtle Beach Seahawks batting - Pitching for Idaho Falls Chukars : RHP Shotaro Sugahara
Pitching: RHP Shotaro Sugahara
Batting: RHB Peter Feng 0-0: Ball
1-0: Ball
2-0: Ball
3-0: Base on Balls
Batting: LHB Ramón Castro 0-0: Foul Ball, location: 2F
0-1: Fielders Choice at 2nd, 4-6 (Groundball, 4)
Batting: RHB León Sánchez 0-0: Swinging Strike
0-1: Swinging Strike
0-2: Foul Ball, location: 2F
0-2: Grounds into double play, 4-6-3 (Groundball, 4)
Top of the 1st over - 0 run(s), 0 hit(s), 0 error(s), 0 left on base; Myrtle Beach 0 - Idaho Falls 0
BOTTOM OF THE 1ST
Idaho Falls Chukars batting - Pitching for Myrtle Beach Seahawks : RHP Jesús Martínez
Pitching: RHP Jesús Martínez
Batting: LHB Armando Peña 0-0: Fly out, F9 (Flyball, 9LM)
Batting: RHB Michael Bradshaw 0-0: SINGLE (Groundball, 4D)
Batting: SHB Pablo Coloa 0-0: Ball
1-0: Ball
2-0: Ball
3-0: Base on Balls
Michael Bradshaw to second
Batting: RHB Daryl Moran 0-0: Ball
Michael Bradshaw is caught stealing 3rd base
Pablo Coloa to second
1-0: Ball
2-0: Called Strike
2-1: Foul Ball, location: 2F
2-2: Strikes out swinging
Bottom of the 1st over - 0 run(s), 1 hit(s), 0 error(s), 1 left on base; Myrtle Beach 0 - Idaho Falls 0
TOP OF THE 2ND
Myrtle Beach Seahawks batting - Pitching for Idaho Falls Chukars : RHP Shotaro Sugahara
Batting: LHB Tae-sang Han 0-0: Ball
1-0: Fly out, F8 (Flyball, 8LM)
Batting: RHB Rodney Dudley 0-0: Swinging Strike
0-1: Swinging Strike
0-2: Strikes out swinging
Batting: RHB Manuel Rodríguez 0-0: Called Strike
0-1: Ball
1-1: Called Strike
1-2: Fly out, F6 (Line Drive, 6)
Top of the 2nd over - 0 run(s), 0 hit(s), 0 error(s), 0 left on base; Myrtle Beach 0 - Idaho Falls 0
BOTTOM OF THE 2ND
Idaho Falls Chukars batting - Pitching for Myrtle Beach Seahawks : RHP Jesús Martínez
Batting: LHB Orlando Casillas 0-0: Ball
1-0: Ball
2-0: Fly out, F5 (Line Drive, 5)
Batting: RHB Dam Son 0-0: Ball
1-0: Ball
2-0: Called Strike
2-1: Fly out, F8 (Line Drive, 8RD)
Batting: SHB Félix Medina 0-0: Called Strike
0-1: Swinging Strike
0-2: Ball
1-2: Ball
2-2: Strikes out swinging
Bottom of the 2nd over - 0 run(s), 0 hit(s), 0 error(s), 0 left on base; Myrtle Beach 0 - Idaho Falls 0
TOP OF THE 3RD
Myrtle Beach Seahawks batting - Pitching for Idaho Falls Chukars : RHP Shotaro Sugahara
Batting: RHB Jorge Flores 0-0: Ball
1-0: Ball
2-0: Fly out, F9 (Flyball, 9)
Batting: RHB José Morín 0-0: Ball
1-0: Called Strike
1-1: Ball
2-1: Ball
3-1: Base on Balls
Batting: RHB Juan Báez 0-0: Ball
1-0: Ball
2-0: Called Strike
2-1: Fly out, F4 (Popup, 4)
Batting: RHB Peter Feng 0-0: Called Strike
0-1: Called Strike
0-2: Foul Ball, location: 2F
0-2: Ball
1-2: Strikes out swinging
Top of the 3rd over - 0 run(s), 0 hit(s), 0 error(s), 1 left on base; Myrtle Beach 0 - Idaho Falls 0
BOTTOM OF THE 3RD
Idaho Falls Chukars batting - Pitching for Myrtle Beach Seahawks : RHP Jesús Martínez
Batting: RHB Leon Carlisle 0-0: Ball
1-0: Ball
2-0: Ball
3-0: Called Strike
3-1: Foul Ball, location: 2F
3-2: Fly out, F8 (Flyball, 8LD)
Batting: RHB Jonah Cooney 0-0: Called Strike
0-1: Called Strike
0-2: Strikes out looking
Batting: LHB Armando Peña 0-0: Foul Ball, location: 2F
0-1: Ball
1-1: Ball
2-1: Ball
3-1: Foul Ball, location: 2F
3-2: Fly out, F8 (Flyball, 78S)
Bottom of the 3rd over - 0 run(s), 0 hit(s), 0 error(s), 0 left on base; Myrtle Beach 0 - Idaho Falls 0
TOP OF THE 4TH
Myrtle Beach Seahawks batting - Pitching for Idaho Falls Chukars : RHP Shotaro Sugahara
Batting: LHB Ramón Castro 0-0: Called Strike
0-1: Ground out 4-3 (Groundball, 4)
Batting: RHB León Sánchez 0-0: Called Strike
0-1: Ground out 5-3 (Groundball, 56)
Batting: LHB Tae-sang Han 0-0: SINGLE (Flyball, 78M)
Batting: RHB Rodney Dudley 0-0: Ball
1-0: Called Strike
1-1: Ball
2-1: Fly out, F4 (Line Drive, 4M)
Top of the 4th over - 0 run(s), 1 hit(s), 0 error(s), 1 left on base; Myrtle Beach 0 - Idaho Falls 0
BOTTOM OF THE 4TH
Idaho Falls Chukars batting - Pitching for Myrtle Beach Seahawks : RHP Jesús Martínez
Batting: RHB Michael Bradshaw 0-0: Ball
1-0: Foul Ball, location: 2F
1-1: Swinging Strike
1-2: Foul Ball, location: 2F
1-2: Foul Ball, location: 2F
1-2: Ground out 5-3 (Groundball, 5)
Batting: SHB Pablo Coloa 0-0: Ball
1-0: Fly out, F8 (Flyball, 8RM)
Batting: RHB Daryl Moran 0-0: Ball
1-0: Called Strike
1-1: Ball
2-1: Foul Ball, location: 2F
2-2: Strikes out swinging
Bottom of the 4th over - 0 run(s), 0 hit(s), 0 error(s), 0 left on base; Myrtle Beach 0 - Idaho Falls 0
TOP OF THE 5TH
Myrtle Beach Seahawks batting - Pitching for Idaho Falls Chukars : RHP Shotaro Sugahara
Batting: RHB Manuel Rodríguez 0-0: SINGLE (Groundball, 6D)
Batting: RHB Jorge Flores 0-0: Bunted foul
0-1: Sac Bunt - play at first, batter OUT! 1-4
Manuel Rodríguez to second
Batting: RHB José Morín 0-0: Called Strike
0-1: Foul Ball, location: 2F
0-2: Ball
1-2: Fly out, F9 (Flyball, 9)
Batting: RHB Juan Báez 0-0: Ball
1-0: Foul Ball, location: 2F
1-1: Ball
2-1: Ball
3-1: Swinging Strike
3-2: Foul Ball, location: 2F
3-2: Strikes out swinging
Top of the 5th over - 0 run(s), 1 hit(s), 0 error(s), 1 left on base; Myrtle Beach 0 - Idaho Falls 0
BOTTOM OF THE 5TH
Idaho Falls Chukars batting - Pitching for Myrtle Beach Seahawks : RHP Jesús Martínez
Batting: LHB Orlando Casillas 0-0: Ball
1-0: Fly out, F8 (Flyball, 8LM)
Batting: RHB Dam Son 0-0: Called Strike
0-1: Ball
1-1: Ball
2-1: Ball
3-1: Fly out, F8 (Flyball, 8LD)
Batting: SHB Félix Medina 0-0: Ball
1-0: Ground out U3 (Groundball, 34)
Bottom of the 5th over - 0 run(s), 0 hit(s), 0 error(s), 0 left on base; Myrtle Beach 0 - Idaho Falls 0
TOP OF THE 6TH
Myrtle Beach Seahawks batting - Pitching for Idaho Falls Chukars : RHP Shotaro Sugahara
Batting: RHB Peter Feng 0-0: Foul Ball, location: 2F
0-1: Ball
1-1: Swinging Strike
1-2: Strikes out looking
Batting: LHB Ramón Castro 0-0: Ball
1-0: Ground out 1-3 (Groundball, 15)
Batting: RHB León Sánchez 0-0: Swinging Strike
0-1: Called Strike
0-2: Ball
1-2: Strikes out looking
Top of the 6th over - 0 run(s), 0 hit(s), 0 error(s), 0 left on base; Myrtle Beach 0 - Idaho Falls 0
BOTTOM OF THE 6TH
Idaho Falls Chukars batting - Pitching for Myrtle Beach Seahawks : RHP Jesús Martínez
Batting: RHB Leon Carlisle 0-0: Called Strike
0-1: Fly out, F8 (Flyball, 89M)
Batting: RHB Jonah Cooney 0-0: Ball
1-0: Called Strike
1-1: Foul Ball, location: 2F
1-2: Strikes out swinging
Batting: LHB Armando Peña 0-0: Ball
1-0: Foul Ball, location: 2F
1-1: Ball
2-1: Ball
3-1: Base on Balls
Batting: RHB Michael Bradshaw 0-0: Ball
1-0: Called Strike
1-1: Ball
2-1: Ball
3-1: Foul Ball, location: 2F
3-2: Foul Ball, location: 2F
3-2: Fly out, F8 (Flyball, 8RS)
Bottom of the 6th over - 0 run(s), 0 hit(s), 0 error(s), 1 left on base; Myrtle Beach 0 - Idaho Falls 0
TOP OF THE 7TH
Myrtle Beach Seahawks batting - Pitching for Idaho Falls Chukars : RHP Shotaro Sugahara
Batting: LHB Tae-sang Han 0-0: Ball
1-0: Fly out, F2 (Popup, 23)
Batting: RHB Rodney Dudley 0-0: Ball
1-0: Foul Ball, location: 2F
1-1: Fly out, F9 (Flyball, 9S)
Batting: RHB Manuel Rodríguez 0-0: Ball
1-0: Called Strike
1-1: Ground out 4-3 (Groundball, 4)
Top of the 7th over - 0 run(s), 0 hit(s), 0 error(s), 0 left on base; Myrtle Beach 0 - Idaho Falls 0
BOTTOM OF THE 7TH
Idaho Falls Chukars batting - Pitching for Myrtle Beach Seahawks : RHP Jesús Martínez
Batting: SHB Pablo Coloa 0-0: Foul Ball, location: 2F
0-1: Ball
1-1: Foul Ball, location: 2F
1-2: Ball
2-2: Foul Ball, location: 2F
2-2: Fly out, F7 (Flyball, 78S)
Batting: RHB Daryl Moran 0-0: Ball
1-0: Foul Ball, location: 2F
1-1: Ball
2-1: Foul Ball, location: 2F
2-2: SOLO HOME RUN (Flyball, 8LXD), Distance : 438 ft
Pitching: LHP Bartolo Pérez
Batting: LHB Orlando Casillas 0-0: Ball
1-0: Called Strike
1-1: Foul Ball, location: 2F
1-2: Strikes out looking
Batting: RHB Dam Son 0-0: Foul Ball, location: 2F
0-1: Ground out 6-3 (Groundball, 6)
Bottom of the 7th over - 1 run(s), 1 hit(s), 0 error(s), 0 left on base; Myrtle Beach 0 - Idaho Falls 1
TOP OF THE 8TH
Myrtle Beach Seahawks batting - Pitching for Idaho Falls Chukars : RHP Shotaro Sugahara
Now at 1B: Lee Faught
Now in RF: Miguel Luna
Batting: RHB Jorge Flores 0-0: Ball
1-0: Called Strike
1-1: Ball
2-1: Foul Ball, location: 2F
2-2: SINGLE (Groundball, 25) (infield hit)
Pinch Hitting: LHB Ismael Martínez 0-0: Sac Bunt - play at first, batter OUT! 1-3
Jorge Flores to second
Batting: RHB Juan Báez 0-0: Called Strike
0-1: Ball
1-1: SINGLE (Flyball, 8LS)
Jorge Flores to third
Runner from 3rd tries for Home, SAFE, throw made home
Pinch Hitting: RHB Jim Unknown 0-0: Ball
1-0: Ball
2-0: Foul Ball, location: 2F
2-1: Fly out, F7 (Flyball, 7)
Pitching: LHP Roberto Guillén
Pinch Hitting: RHB Gilbert Howard 0-0: Ball
Juan Báez is caught stealing 2nd base
Top of the 8th over - 1 run(s), 2 hit(s), 0 error(s), 0 left on base; Myrtle Beach 1 - Idaho Falls 1
BOTTOM OF THE 8TH
Idaho Falls Chukars batting - Pitching for Myrtle Beach Seahawks : LHP Bartolo Pérez
Now at 2B: Jim Unknown
Now at 3B: Gilbert Howard
Pinch Hitting: RHB Tan Bal 0-0: Ball
Now at 3B: Lowell Mullins 1-0: Ball
2-0: Called Strike
2-1: Swinging Strike
2-2: Strikes out swinging
Batting: RHB Leon Carlisle 0-0: Fly out, F8 (Flyball, 8RM)
Batting: RHB Jonah Cooney 0-0: Swinging Strike
0-1: Ground out 6-3 (Groundball, 6)
Bottom of the 8th over - 0 run(s), 0 hit(s), 0 error(s), 0 left on base; Myrtle Beach 1 - Idaho Falls 1
TOP OF THE 9TH
Myrtle Beach Seahawks batting - Pitching for Idaho Falls Chukars : LHP Roberto Guillén
Now in CF: Stewart Smart
Batting: RHB Gilbert Howard 0-0: Called Strike
0-1: Swinging Strike
0-2: Foul Ball, location: 2F
0-2: Strikes out swinging
Pitching: RHP Enrique Costa
Batting: RHB León Sánchez 0-0: Ball
1-0: Called Strike
1-1: Called Strike
1-2: Foul Ball, location: 2F
1-2: Ball
2-2: Strikes out looking
Batting: LHB Tae-sang Han 0-0: Called Strike
0-1: Ball
1-1: Ball
2-1: Ball
3-1: SINGLE (Groundball, 4MD)
Batting: RHB Rodney Dudley 0-0: Ball
1-0: Ball
Tae-sang Han is caught stealing 2nd base
Top of the 9th over - 0 run(s), 1 hit(s), 0 error(s), 0 left on base; Myrtle Beach 1 - Idaho Falls 1
BOTTOM OF THE 9TH
Idaho Falls Chukars batting - Pitching for Myrtle Beach Seahawks : LHP Bartolo Pérez
Pinch Hitting: RHB Armando Rodríguez 0-0: Ball
1-0: Ball
2-0: Foul Ball, location: 2F
2-1: Swinging Strike
2-2: Strikes out looking
Batting: RHB Michael Bradshaw 0-0: Ball
1-0: Foul Ball, location: 2F
1-1: Ground out 4-3 (Groundball, 4)
Batting: SHB Pablo Coloa 0-0: Called Strike
0-1: Swinging Strike
0-2: Ball
1-2: SINGLE (Groundball, 6MD)
Pinch Hitting: SHB Jorge Colón 0-0: Called Strike
0-1: Ball
1-1: Ball
2-1: Foul Ball, location: 2F
2-2: Fly out, F9 (Flyball, 9S)
Bottom of the 9th over - 0 run(s), 1 hit(s), 0 error(s), 1 left on base; Myrtle Beach 1 - Idaho Falls 1
TOP OF THE 10TH
Myrtle Beach Seahawks batting - Pitching for Idaho Falls Chukars : RHP Enrique Costa
Now at 3B: Jim Unknown
Now in RF: Spencer Lyng
Batting: RHB Rodney Dudley 0-0: Called Strike
0-1: Ball
1-1: Ball
2-1: Swinging Strike
2-2: Strikes out swinging
Batting: RHB Manuel Rodríguez 0-0: Called Strike
0-1: Ball
1-1: Foul Ball, location: 2F
1-2: Strikes out swinging
Batting: RHB Jorge Flores 0-0: Swinging Strike
0-1: Ball
1-1: Swinging Strike
1-2: Foul Ball, location: 2F
1-2: Ground out 6-3 (Groundball, 6)
Top of the 10th over - 0 run(s), 0 hit(s), 0 error(s), 0 left on base; Myrtle Beach 1 - Idaho Falls 1
BOTTOM OF THE 10TH
Idaho Falls Chukars batting - Pitching for Myrtle Beach Seahawks : LHP Bartolo Pérez
Batting: LHB Orlando Casillas 0-0: Foul Ball, location: 2F
0-1: Called Strike
0-2: Ball
1-2: Foul Ball, location: 2F
1-2: Strikes out looking
Batting: RHB Lee Faught 0-0: Ground out 6-3 (Groundball, 6S)
Pinch Hitting: RHB Erwin Chapman 0-0: Ground out 4-3 (Groundball, 4)
Bottom of the 10th over - 0 run(s), 0 hit(s), 0 error(s), 0 left on base; Myrtle Beach 1 - Idaho Falls 1
TOP OF THE 11TH
Myrtle Beach Seahawks batting - Pitching for Idaho Falls Chukars : RHP Enrique Costa
Now in CF: Alejandro Herrera
Pinch Hitting: RHB Alejandro Santiago 0-0: Called Strike
0-1: Ball
1-1: Swinging Strike
1-2: Fly out, F9 (Line Drive, 9)
Pitching: RHP José Ramírez
Batting: RHB Juan Báez 0-0: Called Strike
0-1: Swinging Strike
0-2: Strikes out swinging
Batting: RHB Jim Unknown 0-0: Foul Ball, location: 2F
0-1: Swinging Strike
0-2: Ball
1-2: Ground out U3 (Groundball, 3)
Top of the 11th over - 0 run(s), 0 hit(s), 0 error(s), 0 left on base; Myrtle Beach 1 - Idaho Falls 1
BOTTOM OF THE 11TH
Idaho Falls Chukars batting - Pitching for Myrtle Beach Seahawks : LHP Bartolo Pérez
Now at SS: Gabriel López
Batting: RHB Leon Carlisle 0-0: Foul Ball, location: 2F
0-1: Swinging Strike
0-2: Ball
1-2: Fly out, F6 (Popup, 4MD)
Batting: RHB Jonah Cooney 0-0: Foul Ball, location: 2F
0-1: Ball
1-1: Swinging Strike
1-2: Strikes out swinging
Batting: RHB Jim Unknown 0-0: Ball
1-0: Ball
2-0: Called Strike
2-1: Fly out, F8 (Flyball, 8LM)
Bottom of the 11th over - 0 run(s), 0 hit(s), 0 error(s), 0 left on base; Myrtle Beach 1 - Idaho Falls 1
TOP OF THE 12TH
Myrtle Beach Seahawks batting - Pitching for Idaho Falls Chukars : RHP José Ramírez
Batting: RHB Gilbert Howard 0-0: Ball
1-0: SOLO HOME RUN (Flyball, 7D), Distance : 407 ft
Batting: RHB León Sánchez 0-0: Called Strike
0-1: DOUBLE (Popup, 3D)
Batting: LHB Tae-sang Han 0-0: Intentional Walk
Batting: RHB Rodney Dudley 0-0: Ball
1-0: Ball
2-0: Called Strike
2-1: Swinging Strike
2-2: Ball
3-2: Strikes out looking
Batting: RHB Manuel Rodríguez 0-0: Foul Ball, location: 2F
0-1: Ball
1-1: SINGLE (Flyball, 3D)
León Sánchez to third
Tae-sang Han to second
Runner from 3rd tries for Home, SAFE, no throw
Batting: RHB Jorge Flores 0-0: Ball
1-0: Grounds into double play, 4-6-3 (Groundball, 34)
Top of the 12th over - 2 run(s), 3 hit(s), 0 error(s), 1 left on base; Myrtle Beach 3 - Idaho Falls 1
BOTTOM OF THE 12TH
Idaho Falls Chukars batting - Pitching for Myrtle Beach Seahawks : LHP Bartolo Pérez
Pitching: LHP Jorge Mejía
Batting: RHB Michael Bradshaw 0-0: Ball
1-0: Ball
2-0: Called Strike
2-1: Foul Ball, location: 2F
2-2: Ball
3-2: DOUBLE (Line Drive, 9LM)
Batting: SHB Pablo Coloa 0-0: Fly out, F7 (Flyball, 78S)
Batting: RHB Spencer Lyng 0-0: Called Strike
0-1: Swinging Strike
0-2: Ball
1-2: Ball
2-2: Ball
3-2: Strikes out swinging
Batting: LHB Orlando Casillas 0-0: Foul Ball, location: 2F
0-1: Ball
1-1: SINGLE (Line Drive, 34)
Michael Bradshaw to third
Runner from 3rd tries for Home, SAFE, no throw
Batting: RHB Lee Faught 0-0: Ball
1-0: Fly out, F9 (Flyball, 9LS)
Bottom of the 12th over - 1 run(s), 2 hit(s), 0 error(s), 1 left on base; Myrtle Beach 3 - Idaho Falls 2
Friday, December 30th, 2016 - OOTP Baseball 17.12 Build 75